Workbook

Sheet Sheet1
A1: 盂县孙家庄镇东坪村、乌玉村2026年农业农村基础设施以工代赈项目总概算表
A2: 序号 | B2: 工程或费用名称 | C2: 概算投资（万元） | H2: 经济技术指标 | K2: 占总投资比例（%） | L2: 其中：劳务报酬金额（万元） | M2: 劳务报酬占申报中央预算内资金比例（%） | N2: 备注
C3: 建筑工程 | D3: 安装工程 | E3: 设备购置 | F3: 其他费用 | G3: 合计 | H3: 单位 | I3: 数量 | J3: 单位造价（元）
A4: 一 | B4: 工程费用 | C4: 788.86 | D4: 140.69 | G4: =C4+D4 -> 929.55 | K4: =G4/998 -> 0.93141283 | L4: =L5+L6+L7+L8+L9+L10+L11 -> 426.695 | M4: =L4/799 -> 0.5340363
A5: 1 | B5: 东坪村道路硬化 | C5: 156.45 | G5: =C5+D5+E5 -> 156.45 | H5: ㎡ | I5: 8000 | J5: 195.5625 | L5: =[1]用工需求及劳务报酬测算表!F3+[1]用工需求及劳务报酬测算表!F4 -> 71.28
A6: 2 | B6: 乌玉村道路硬化 | C6: 386.25 | G6: =C6+D6+E6 -> 386.25 | H6: ㎡ | I6: 19750 | J6: 195.56962 | L6: =[1]用工需求及劳务报酬测算表!F5+[1]用工需求及劳务报酬测算表!F6 -> 171.185
A7: 3 | B7: 乌玉村污水管网 | C7: =215.12*0.6 -> 129.072 | D7: =215.12*0.4 -> 86.048 | G7: =C7+D7+E7 -> 215.12 | H7: m | I7: 7449 | J7: 288.79044 | L7: =[1]用工需求及劳务报酬测算表!F7+[1]用工需求及劳务报酬测算表!F8+[1]用工需求及劳务报酬测算表!F9 -> 101.41
A8: 4 | B8: 乌玉村检查井 | C8: =140.6*0.7 -> 98.42 | D8: =140.6*0.3 -> 42.18 | G8: =C8+D8+E8 -> 140.6 | H8: 个 | I8: 415 | J8: 3387.9518 | L8: =[1]用工需求及劳务报酬测算表!F10+[1]用工需求及劳务报酬测算表!F11+[1]用工需求及劳务报酬测算表!F12+[1]用工需求及劳务报酬测算表!F13+[1]用工需求及劳务报酬测算表!F14 -> 67.35
A9: 5 | B9: 乌玉村100m³污水井 | C9: =8.74*0.6 -> 5.244 | D9: =8.74*0.4 -> 3.496 | G9: =C9+D9+E9 -> 8.74 | H9: 个 | I9: 1 | J9: 87400 | L9: =[1]用工需求及劳务报酬测算表!F15+[1]用工需求及劳务报酬测算表!F16+[1]用工需求及劳务报酬测算表!F17+[1]用工需求及劳务报酬测算表!F18+[1]用工需求及劳务报酬测算表!F19+[1]用工需求及劳务报酬测算表!F20 -> 3.32
A10: 6 | B10: 乌玉村300m³污水井 | C10: =22.39*0.6 -> 13.434 | D10: =22.39*0.4 -> 8.956 | G10: =C10+D10+E10 -> 22.39 | H10: 个 | I10: 1 | J10: 223900 | L10: =[1]用工需求及劳务报酬测算表!F21+[1]用工需求及劳务报酬测算表!F22+[1]用工需求及劳务报酬测算表!F23+[1]用工需求及劳务报酬测算表!F24+[1]用工需求及劳务报酬测算表!F25+[1]用工需求及劳务报酬测算表!F26 -> 8.25
A11: 7 | B11: 特殊用工 | L11: =[1]用工需求及劳务报酬测算表!F27 -> 3.9
A12: 二 | B12: 工程建设其他费用 | F12: =F13+F14+F15+F16+F17+F18 -> 62.498825 | G12: =F12 -> 62.498825 | K12: =G12/998 -> 0.062624073
A13: 1 | B13: 建设单位管理费 | F13: =G4*2/100*0.5 -> 9.2955 | G13: =F13 -> 9.2955
A14: 2 | B14: 勘察费 | F14: =(G4-G5-G6)*0.8/100 -> 3.0948 | G14: =F14 -> 3.0948
A15: 3 | B15: 设计费 | F15: 24 | G15: =F15 -> 24
A16: 4 | B16: 监理费 | F16: 16 | G16: =F16 -> 16
A17: 5 | B17: 可研报告编制费 | F17: =3+2/1000*998 -> 4.996 | G17: =F17 -> 4.996
A18: 6 | B18: 造价咨询费 | F18: =G4*5.5/1000 -> 5.112525 | G18: =F18 -> 5.112525
A19: 三 | B19: 预备费 | F19: 5.95 | G19: =F19 -> 5.95 | K19: =G19/998 -> 0.0059619238
A20: 项目总投资（一+二+三） | G20: =G19+G12+G4 -> 997.99883 | K20: 1
